[Event "ICC tourney 2927 (40 10)"]
[Site "Internet Chess Club"]
[Date "2022.06.04"]
[Round "5"]
[White "Agahian, Ryan:AgahianR"]
[Black "ZADAVYSVICHKO, MAKSYM:Nani123"]
[Result "0-1"]
[ICCResult "White checkmated"]
[WhiteElo "1137"]
[BlackElo "1223"]
[Opening "QGD: classical variation (5.Bf4)"]
[ECO "D37"]
[NIC "QO.16"]
[Time "20:00:21"]
[PlyCount "164"]
[TimeControl "2400+10"]

1. d4 d5 2. c4 e6 3. Nc3 Nf6 4. Nf3 Be7 5. Bf4 c6 6. a4 a5 7. e3 Nbd7 8. Bd3
O-O 9. Qc2 dxc4 10. Bxc4 Nb6 11. Bd3 Nbd5 12. Be5 h6 13. h3 Nb4 14. Qd2 c5
15. Bb5 cxd4 16. Bxd4 Nbd5 17. O-O Bb4 18. Qd3 Qe7 19. Rfd1 Nxc3 20. bxc3
Bc5 21. Ne5 b6 22. Nc6 Qc7 23. Bxf6 gxf6 24. Rab1 Bb7 25. Qd7 Qxd7 26. Rxd7
Bc8 27. Rd3 e5 28. e4 Be6 29. Rbd1 Kh7 30. Kf1 Rac8 31. Ke1 Rg8 32. g4 Kg6
33. f3 Kg5 34. R1d2 Kh4 35. Na7 Rc7 36. Nc6 h5 37. Nd8 hxg4 38. fxg4 Be7 39.
Nc6 Bc5 40. Rf3 Kg5 41. Rh2 Rh8 42. Rd2 Bd7 43. Nxe5 Bxb5 44. Rf5+ Kh6 45.
Rxf6+ Kg7 46. Rxf7+ Rxf7 47. Nxf7 Kxf7 48. axb5 Rxh3 49. Rd5 Rxc3 50. Rf5+
Ke6 51. Rh5 Re3+ 52. Kd2 Rxe4 53. Rh6+ Kd5 54. Rh5+ Re5 55. Rh1 Rg5 56. Rh5
Rxh5 57. gxh5 Bf8 58. Kc3 Kc5 59. Kd3 Kxb5 60. Kc3 Kc5 61. Kb3 b5 62. Kc3
b4+ 63. Kb3 Kb5 64. Kb2 Kc4 65. Kc2 a4 66. Kb2 Bg7+ 67. Kc2 b3+ 68. Kb1 Kc3
69. h6 Bxh6 70. Ka1 Bf8 71. Kb1 Bg7 72. Kc1 b2+ 73. Kb1 a3 74. Ka2 Kc2 75.
Kxa3 b1=Q 76. Ka4 Qb3+ 77. Ka5 Kc3 78. Ka6 Kc4 79. Ka7 Kc5 80. Ka8 Kc6 81.
Ka7 Bd4+ 82. Ka6 Qa4# {White checkmated} 0-1

[Event "ICC tourney 2927 (40 10)"]
[Site "Internet Chess Club"]
[Date "2022.06.04"]
[Round "5"]
[White "QIAO, RICHARDSON JINGSI:Richardsonqiao"]
[Black "Zhao, Kevin:grrrrrrrr"]
[Result "1-0"]
[ICCResult "Black resigns"]
[WhiteElo "1257"]
[BlackElo "1182"]
[Opening "Queen's pawn, Mason variation"]
[ECO "D00"]
[NIC "QP.08"]
[Time "20:00:22"]
[PlyCount "141"]
[TimeControl "2400+10"]

1. d4 d5 2. Bf4 Nf6 3. e3 Bf5 4. Nf3 Nc6 5. c3 e6 6. Bd3 Bg6 7. Qc2 Bd6 8.
Bg3 Qe7 9. Nbd2 Nd7 10. e4 O-O 11. e5 Bb4 12. Bxg6 fxg6 13. cxb4 Nxb4 14.
Qb3 c5 15. O-O cxd4 16. Nxd4 Nc6 17. Nxc6 bxc6 18. Qc2 c5 19. Rac1 Rf5 20.
f4 Raf8 21. Nb3 Qf7 22. Nxc5 Nxe5 23. Nxe6 Qxe6 24. fxe5 Qb6+ 25. Bf2 Qb5
26. Qc5 Qxb2 27. Qxd5+ Kh8 28. Bc5 Rxf1+ 29. Rxf1 Rxf1+ 30. Kxf1 Qc1+ 31.
Kf2 Qf4+ 32. Qf3 Qd2+ 33. Kg3 Qg5+ 34. Qg4 Qxe5+ 35. Qf4 Qe1+ 36. Kh3 Qe8
37. Qf8+ Qxf8 38. Bxf8 Kg8 39. Bc5 a6 40. a4 Kf7 41. Kg4 h6 42. Kf4 Ke6 43.
Bd4 g5+ 44. Ke4 g6 45. h3 h5 46. g4 Kd6 47. Bg7 Ke6 48. Kd4 Kd6 49. Bf6 Ke6
50. Bxg5 Kd6 51. gxh5 gxh5 52. Bf4+ Kc6 53. Ke5 Kc5 54. Bd2 Kc4 55. Kf5 Kb3
56. a5 Kc4 57. Kg5 Kd5 58. Kxh5 Ke6 59. Kg6 Ke7 60. Kg7 Ke6 61. h4 Kf5 62.
h5 Kg4 63. h6 Kf3 64. h7 Ke2 65. h8=Q Kxd2 66. Qd8+ Kc2 67. Qc8+ Kb3 68.
Qxa6 Ka4 69. Qb6 Ka3 70. a6 Ka4 71. a7 {Black resigns} 1-0